 Dungeon Crawl Stone Soup version 0.30.2 (webtiles) character file.

Game seed: 393018239787631364

562 porpoise the Shooter (level 7, -3/61 HPs)
             Began as a Minotaur Hunter on Mar 3, 2024.
             Killed from afar by Dowan (11 damage)
             ... with a shard of ice
             ... on level 5 of the Dungeon.
             The game lasted 00:07:46 (2993 turns).

porpoise the Shooter (Minotaur Hunter)              Turns: 2993, Time: 00:07:46

Health: -3/61      AC:  8    Str: 16    XL:     7   Next: 10%
Magic:  6/6        EV: 11    Int:  6    God:
Gold:   228        SH:  0    Dex: 15    Spells: 6/6 levels left

rFire   . . .        a - +0 shortbow
rCold   . . .        (shield currently unavailable)
rNeg    . . .        f - +0 ring mail
rPois   +            (helmet restricted)
rElec   .            n - +0 cloak
rCorr   .            (no gloves)
SInv    .            s - +1 pair of boots of the Iron City of Dis {rPois}
Will    .....        (no amulet)
Stlth   +            (no ring)
HPRegen 0.30/turn    (no ring)
MPRegen 0.10/turn

%: no passive effects
@: no status effects
A: horns 2, retaliatory headbutt
a: no special abilities


You were on level 5 of the Dungeon.
You visited 1 branch of the dungeon, and saw 5 of its levels.

You collected 288 gold pieces.
You spent 60 gold pieces at shops.

Inventory:

Hand Weapons
 a - a +0 shortbow (weapon)
 b - a +1 war axe of venom
Missiles
 i - a throwing net
Armour
 f - a +0 ring mail (worn)
 n - a +0 cloak (worn)
 s - the +1 pair of boots of the Iron City of Dis (worn) {rPois}
   (You found it on level 3 of the Dungeon)

   rPois:     It protects you from poison.
Jewellery
 t - a +6 ring of intelligence
Wands
 u - a wand of roots (5)
Scrolls
 g - 2 scrolls of magic mapping
 h - a scroll of teleportation
 l - a scroll of torment
 m - a scroll of vulnerability
 o - a scroll of amnesia {unknown}
 p - a scroll of immolation
 q - 2 scrolls of blinking
Potions
 c - a potion of mutation
 d - a potion of flight
 e - a potion of might
 j - a potion of lignification
 k - a potion of haste
 r - 2 potions of cancellation
 v - a potion of curing


   Skills:
 + Level 5.6 Fighting
 * Level 7.9 Ranged Weapons
 - Level 2.0 Armour
 - Level 2.1 Dodging
 - Level 0.7 Stealth


You had 6 spell levels left.
You didn't know any spells.
Your spell library contained the following spells:

 Spells                   Type           Power      Damage    Failure   Level
 Cigotuvi's Dreadful Rot  Necr/Pois/Air  0%         N/A       80%         2
 Ensorcelled Hibernation  Hex/Ice        0%         N/A       80%         2
 Frozen Ramparts          Ice            0%         1d1       95%         3
 Ignite Poison            Fire/Tmut/Pois 0%         N/A       95%         3
 Spider Form              Tmut/Pois      0%         N/A       95%         3
 Anguish                  Hex/Necr       0%         N/A       100%        4
 Ice Form                 Ice/Tmut       0%         N/A       100%        4
 Summon Ice Beast         Ice/Summ       0%         N/A       100%        4
 Freezing Cloud           Conj/Ice/Air   0%         6-21      100%        5


Dungeon Overview and Level Annotations

Branches:
Dungeon (5/15)
 Temple: D:4-7

Altars:

Shops:
D:4 *

Annotations:
D:3 1 runed translucent door, porpoise's ghost, amateur GrEE
D:5 Dowan


Innate Abilities, Weirdness & Mutations

You have a pair of horns on your head.
You reflexively headbutt those who attack you in melee.


Message History

You shoot an arrow. The arrow barely misses Duvessa.
Duvessa completely misses you. Dowan hits you but does no damage.
The scorpion stings you. Duvessa closely misses you. You furiously retaliate!
You headbutt Duvessa! You shoot an arrow. The arrow completely misses Duvessa.
Duvessa misses you. You furiously retaliate!
You headbutt Duvessa!
You kill Duvessa!
Dowan screams, "No!
Oh no!"
Dowan seems to find hidden reserves of power!
Dowan hits you with a +0 dagger of holy wrath.
The scorpion closely misses you. Dowan closely misses you.
The scorpion stings you but does no damage.
You have reached level 7!
You shoot an arrow.
The arrow hits the scorpion but does no damage.
The scorpion is moderately wounded.
Dowan casts a spell at you. The shard of ice hits you!
* * * LOW HITPOINT WARNING * * *
The scorpion barely misses you. You furiously retaliate!
You headbutt the scorpion! Dowan barely misses you.
You shoot an arrow.
The arrow hits the scorpion but does no damage.
The scorpion is severely wounded.
The scorpion stings you but does no damage.
Dowan points at you and mumbles some strange words.
The shard of ice hits you.
* * * LOW HITPOINT WARNING * * *
You shoot an arrow. The arrow barely misses Dowan.
Dowan hits you with a +0 dagger of holy wrath.
* * * LOW HITPOINT WARNING * * *
The scorpion barely misses you. Dowan barely misses you.
The scorpion stings you.
* * * LOW HITPOINT WARNING * * *
You shoot an arrow. The arrow hits Dowan.
Dowan is moderately wounded.
Dowan says, "Her death will not be in vain!"
Dowan gestures at you while chanting. The shard of ice hits you!
You die...

....#..##..## #...
.#.....## #..#....##..##
#...#..# ##..## #....#
##†.## .. #...# ##..###
... ##...## ##...#..)#
##....s## ##........
###...##e@## ##.........
##...#####).###...####...
#....# ##.....### ..
#...## ####### . ##..#
#..# #..# #..# #..#


You could see Dowan (fast) and a scorpion.

Vanquished Creatures
  Duvessa (D:5)
  An ice beast (D:5)
  A black bear (D:4)
  A scorpion (D:3)
  A hound (D:5)
  An iguana (D:4)
  3 gnolls (D:4)
  7 adders
  5 dart slugs
  3 worms
  2 orcs
  4 endoplasms
  5 giant cockroaches
  4 goblins
  7 hobgoblins
  2 jackals (D:2)
  2 quokkas (D:2)
  7 ball pythons
  5 bats
  8 kobolds
  3 rats
73 creatures vanquished.

Notes
Turn   | Place    | Note
-------+----------+-------------------------------------------
     0 | D:1      | porpoise the Minotaur Hunter began the quest for the Orb.
     0 | D:1      | Reached XP level 1. HP: 18/18 MP: 0/0
   165 | D:1      | Reached XP level 2. HP: 25/25 MP: 1/1
   175 | D:1      | Reached skill level 1 in Armour
   406 | D:2      | Reached skill level 5 in Ranged Weapons
   406 | D:2      | Reached XP level 3. HP: 31/31 MP: 2/2
   832 | D:2      | Reached XP level 4. HP: 35/38 MP: 3/3
  1069 | D:3      | Found a runed translucent door.
  1073 | D:3      | Noticed porpoise's ghost (amateur GrEE)
  1162 | D:3      | Noticed a scorpion
  1165 | D:3      | Killed a scorpion
  1166 | D:3      | Reached skill level 6 in Ranged Weapons
  1166 | D:3      | Reached XP level 5. HP: 46/46 MP: 4/4
  1518 | D:3      | Identified the +1 pair of boots of the Iron City of Dis
                  | {rPois}
  2160 | D:4      | Noticed a black bear
  2169 | D:4      | Killed a black bear
  2170 | D:4      | Reached XP level 6. HP: 46/53 MP: 5/5
  2491 | D:4      | Found Juesm's General Store.
  2499 | D:4      | Bought a potion of curing for 30 gold pieces
  2499 | D:4      | Bought a scroll of identify for 20 gold pieces
  2499 | D:4      | Bought a potion of degeneration for 10 gold pieces
  2619 | D:4      | Reached skill level 7 in Ranged Weapons
  2811 | D:5      | Entered Level 5 of the Dungeon
  2833 | D:5      | Noticed an ice beast
  2841 | D:5      | Killed an ice beast
  2842 | D:5      | Reached skill level 5 in Fighting
  2975 | D:5      | Noticed Duvessa
  2977 | D:5      | Noticed Dowan
  2989 | D:5      | Killed Duvessa
  2990 | D:5      | Reached XP level 7. HP: 32/61 MP: 6/6
  2993 | D:5      | Killed from afar by Dowan

Illustrated notes

Levels and vault maps discovered:
D:1:      saegor_arrival_miasma, layout_rooms
D:2:      layout_rooms
D:3:      layout_basic, hellmonk_ghost_happy_afterlife, serial_corexii_hall,
          corexii_hall_statues_x, corexii_hall_statues_l,
          chequers_serial_rivers_room_b
D:4:      layout_basic, serial_shops, shop
D:5:      layout_layer_cave, uniq_edmund, uniq_duvessa

Skill      XL: |  1  2  3  4  5  6 |
---------------+-------------------+-----
Armour         | 1 2 |  2.0
Fighting       | 3 4 5 |  5.6
Ranged Weapons | 5 6 7 |  7.9
Dodging        | |  2.1
Stealth        | |  0.7

Action                     |  1- 3 |  4- 6 |  7- 9 || total
---------------------------+-------+-------+-------++-------
  Melee: War axe           |     3 |     5 |       ||     8
         Headbutt          |     1 |     2 |       ||     3
   Fire: Shortbow          |    90 |   146 |     4 ||   240
    Use: Scroll            |       |    11 |       ||    11
 Armour: Leather armour    |     1 |       |       ||     1
         Ring mail         |    16 |    30 |     1 ||    47
  Dodge: Dodged            |    26 |    48 |     4 ||    78
